AoeStats
← El Fantasma de Pancho Villa

Arena

507869751Analyzed
4v4 RM · 12d ago on Sep 20, 2026· 37m 10s· 8 players
Game mode
Random Map
Map size
Large (8 player)
Population
200
Speed
Normal
Resources
Standard
Victory
Conquest
Starting age
Dark Age
Ending age
Imperial Age
RankedLock teamsTeams togetherTeam positionsShared explorationLock speedFull tech treeHidden civsTurbo modeCheats
Victory
Defeat
🇲🇽 Persians · Mexico
1102
+10
🇺🇸 Cumans · United States
1075
+11
🇦🇷 Tupi · Argentina
1016
+14
🇲🇽 Magyars · Mexico
928
+18
🇲🇽 Armenians · Mexico
995
-14
🇦🇷 Magyars · Argentina
966
-13
🇨🇦 Byzantines · Canada
958
-13
🇨🇳 Franks · China
956
-13
Lesrot
0:32 Loom
10:44 Feudal Age
11:17 Double-Bit Axe
11:18 Horse Collar
12:26 Wheelbarrow
13:03 Arson
13:44 Man-at-Arms
16:39 Gold Mining
18:07 Scale Mail Armor
18:18 Forging
18:25 Long Swordsman
jornado
11:41 Feudal Age
16:07 Castle Age
14:54 Double-Bit Axe
15:41 Horse Collar
17:11 Loom
17:48 Bow Saw
22:08 Wheelbarrow
24:16 Heavy Plow
24:37 Hand Cart
27:53 Elite Skirmisher
29:58 Padded Archer Armor
29:49 Fletching
31:03 Leather Archer Armor
33:38 Imperial Age
33:51 Husbandry
34:56 Scale Barding Armor
35:01 Forging
36:06 Chain Barding Armor
35:10 Heavy Camel Rider
Fro!
6:09 Loom
9:31 Feudal Age
10:12 Double-Bit Axe
16:41 Castle Age
18:40 Bow Saw
18:12 Horse Collar
23:34 Bloodlines
26:08 Husbandry
29:31 Scale Barding Armor
37:04 Imperial Age
34:09 Elite Skirmisher
35:34 Corvinian Army
wm_1938
9:08 Loom
11:53 Feudal Age
16:06 Castle Age
14:14 Double-Bit Axe
21:05 Bow Saw
22:18 Stone Mining
22:19 Gold Mining
27:34 Gold Mining
31:02 Imperial Age
30:15 Wheelbarrow
30:31 Ballistics
30:07 Murder Holes
30:51 Scale Barding Armor
30:56 Forging
31:51 Gold Shaft Mining
31:47 Husbandry
31:22 Cavalier
33:06 Chain Barding Armor
33:22 Iron Casting
32:47 Padded Archer Armor
32:38 Fletching
33:22 Conscription
34:07 Chemistry
34:43 Squires
34:29 Gambesons
34:05 Pikeman
36:25 Plate Barding Armor
36:50 Blast Furnace
36:24 Paladin
mariourigar
9:32 Feudal Age
10:24 Double-Bit Axe
11:09 Horse Collar
19:49 Arson
21:43 Bloodlines
23:28 Wheelbarrow
25:39 Castle Age
24:38 Loom
24:39 Town Watch
25:25 Scale Mail Armor
25:31 Scale Barding Armor
25:18 Fletching
25:28 Padded Archer Armor
27:18 Gold Mining
27:21 Stone Mining
28:58 Hand Cart
29:30 Bow Saw
30:01 Heavy Plow
30:13 Husbandry
32:42 Chain Mail Armor
32:48 Chain Barding Armor
33:36 Light Cavalry
39:56 Imperial Age
El Fantasma de Pancho Villa
13:53 Feudal Age
15:16 Man-at-Arms
17:32 Scale Mail Armor
18:21 Forging
22:04 Double-Bit Axe
23:39 Horse Collar
25:03 Wheelbarrow
30:02 Castle Age
34:41 Imperial Age
32:31 Heavy Plow
32:25 Town Watch
32:56 Scale Barding Armor
33:26 Iron Casting
33:37 Bow Saw
33:32 Gold Mining
34:28 Chain Barding Armor
34:23 Chain Mail Armor
33:49 Pikeman
34:59 Hand Cart
34:46 Town Patrol
35:12 Arson
35:27 Squires
36:56 Blast Furnace
38:02 Two-Man Saw
Mauribruno
11:09 Feudal Age
15:43 Castle Age
13:33 Double-Bit Axe
13:52 Stone Mining
15:03 Horse Collar
23:02 Loom
24:55 Fletching
25:46 Padded Archer Armor
25:59 Bodkin Arrow
27:47 Leather Archer Armor
28:09 Wheelbarrow
27:27 Gold Mining
28:05 Bow Saw
28:32 Heavy Plow
32:41 Imperial Age
30:54 Ballistics
31:07 Hand Cart
32:01 Gold Shaft Mining
31:54 Town Watch
34:40 Chemistry
33:41 Bracer
36:15 Ring Archer Armor
36:35 Conscription
36:19 Town Patrol
37:21 Two-Man Saw
37:40 Curare
Boywars
10:24 Feudal Age
11:17 Loom
14:46 Castle Age
13:22 Double-Bit Axe
15:57 Bow Saw
15:29 Horse Collar
25:46 Wheelbarrow
25:31 Gold Mining
26:11 Heavy Plow
29:07 Imperial Age
27:15 Scale Barding Armor
28:17 Husbandry
28:28 Bloodlines
29:09 Chain Barding Armor
29:00 Forging
30:30 Plate Barding Armor
31:07 Crop Rotation
31:23 Gold Shaft Mining
30:13 Cavalier
31:31 Iron Casting
31:08 Light Cavalry
32:21 Stone Mining
34:25 Stone Shaft Mining
33:38 Savar
36:06 Blast Furnace
Connection lost

Rejoining the realm…

Still unreachable

The connection could not be restored.

Session expired

The server has moved on; the page needs a fresh start.